 Dungeon Crawl Stone Soup version 0.26-a0-1205-g4083c211ab (webtiles) character file.

Game seed: 12146554122142485561

74 CurlyBrace the Sneak (level 4, 22/22 HPs)
             Began as a Felid Delver on Dec 29, 2020.
             Quit the game on level 6 of the Dungeon.
             The game lasted 00:00:50 (57 turns).

CurlyBrace the Sneak (Felid Delver)                   Turns: 57, Time: 00:00:51

Health: 22/22      AC:  1    Str:  8    XL:     4   Next: 10%
Magic:  5/5        EV: 19    Int: 12    God:
Gold:   19         SH:  0    Dex: 18    Spells: 3/3 levels left
                                        Lives:  0   Deaths: 1

rFire    . . .     SeeInvis +     - Unarmed
rCold    . . .     Faith    .   (shield unavailable)
rNeg     . . .     Spirit   .   (armour unavailable)
rPois    .         Reflect  .   (helmet unavailable)
rElec    .         Harm     .   (cloak unavailable)
rCorr    .         Rampage  .   (gloves unavailable)
Will     .....                  (boots unavailable)
Stlth    ++++......             (no amulet)
HPRegen  0.07/turn              (no ring)
MPRegen  0.09/turn              (no ring)

@: quick
A: very small, no armour, no weapons or thrown items, stealth, claws 1, fangs 3,
see invisible, speed 1, shaggy fur 1, sharp paws
a: no special abilities


You were on level 6 of the Dungeon.
You visited 1 branch of the dungeon, and saw 3 of its levels.

You collected 19 gold pieces.

Inventory:

Wands
 b - a wand of random effects (6)
   (You found it on level 6 of the Dungeon)
 v - a wand of digging (3)
Scrolls
 a - a scroll of fog
 c - a scroll of fear
Potions
 h - a potion of haste


   Skills:
 * Level 3.9 Fighting
 + Level 3.7 Dodging
 - Level 7.0 Stealth
 * Level 3.9 Unarmed Combat


You had 3 spell levels left.
You didn't know any spells.
Your spell library was empty.

Dungeon Overview and Level Annotations

Branches:
Dungeon (7/15)
 Temple: D:4-7

Altars:


Innate Abilities, Weirdness & Mutations

You cannot wear armour.
You are incapable of wielding weapons or throwing items.
Your paws allow you to move quietly. (Stealth)
You have sharp claws.
You have razor-sharp teeth.
You have supernaturally acute eyesight. (SInv)
You cover ground quickly.
You are covered in fur. (AC +1)
Your sharp claws are effective at attacking unaware monsters.


Message History

There is an open door here.
You open the door.
There is a stone staircase leading up here.
You climb upwards.
There is a stone staircase leading down here.
An orc wizard and a white imp come into view.
There is an open door here.
An orc priest comes into view. It is wielding a +0 club.
The white imp shouts!
The orc priest shouts!
The orc priest calls down the wrath of Beogh upon you.
Beogh smites you!
You die...
You hear a shout!
You are now level 4!
You rejoin the land of the living...
Unknown command.
Unknown command.
Unknown command.
Unknown command.
Are you sure you want to abandon this character and quit the game? (Confirm with "yes".)

,,,,,,*,,.......>.#.....# ****
,,,,,,,,,.........#.....#
****,,,,*##..##...##...#####*****
****,,,,*##..##...##........,,,,*
,,,,,,,,,#........#.......o.,,,,,
,,,,,,,,,#........'.........,,,,,
,,,,,,,,,#........#.......o.,,,,,
,,,,,,,,,#......(.#....(....,,,,,
,,,,,,,,,#......@.#.........,,,,,
,,,,,,,,,+........#.†...5...,,,,,
,,,,,,,,,#..<.....#.........,,,,,
,,*****+*###....####....###+*****
******,,,**#....#**#+####**,,,,,*
,,,,,,,,,,#......#,,,,,,,,,,,,,,,
,,,,,,,,,,#......#,,,,,,,,,,,,,,,
,,,,,,,,,,#......#,,,,,,,,,,,,,,,
******,,,,#......#,,,,,,,,,,,,,,,


There were no monsters in sight!

Vanquished Creatures
  A sky beast (D:6)
  A bullfrog (D:7)
2 creatures vanquished.

Notes
Turn   | Place    | Note
-------+----------+-------------------------------------------
     0 | D:5      | CurlyBrace the Felid Delver began the quest for the Orb.
     0 | D:5      | Reached XP level 1. HP: 10/10 MP: 2/2
     1 | D:6      | Noticed a sky beast
     6 | D:6      | Killed a sky beast
     7 | D:6      | Reached skill level 7 in Stealth
     7 | D:6      | Reached XP level 2. HP: 1/14 MP: 3/3
     7 | D:6      | Reached XP level 3. HP: 2/17 MP: 4/4
     7 | D:6      | Reached XP level 4. HP: 2/21 MP: 5/5
    34 | D:7      | Noticed a bullfrog
    39 | D:7      | Noticed a centaur
    40 | D:7      | Killed a bullfrog
    41 | D:7      | Reached XP level 5. HP: 5/25 MP: 6/6
    56 | D:6      | Killed from afar by an orc priest
    57 | D:6      | Reached XP level 4. HP: -3/22 MP: 5/5
    57 | D:6      | Quit the game

Illustrated notes

Levels and vault maps discovered:
D:5:      layout_loops_ring, gammafunk_ghost_abyssal_escape,
          portal_sewer_entry_e, kennysheep_generic_room_13
D:6:      kennysheep_steamy, layout_gridville, serial_shops, shop
D:7:      layout_gridville, serial_shops, shop, sword_in_stone

Skill      XL: |  1 |
---------------+----+-----
Dodging        | 3 |  3.7
Stealth        | 7 |  7.0
Unarmed Combat | 3 |  3.9
Fighting       | |  3.9

Action                   |  1- 3 |  4- 6 || total
-------------------------+-------+-------++-------
Melee: Unarmed           |     4 |     1 ||     5
  Use: Scroll            |       |     1 ||     1
 Stab: Sleeping          |     1 |     1 ||     2
Dodge: Dodged            |     2 |       ||     2

Table legend: (Time is in decaauts)
 A = Elapsed time spent in this place.
 B = Non-inter-level travel time spent in this place.
 C = Inter-level travel time spent in this place.
 D = Time resting spent in this place.
 E = Time spent auto-exploring this place.
 F = Levels seen in this place.
 G = Mean time per level.
                   A        B        C        D        E       F      G
               +--------+--------+--------+--------+--------+-----+--------+
         Total |     49 |     49 |      0 |      0 |      0 |   3 |   16.3 |
       Dungeon |     49 |     49 |      0 |      0 |      0 |   3 |   16.3 |
               +--------+--------+--------+--------+--------+-----+--------+

Top non-repeatable levels by time:
     D:6: 33 daAuts
     D:7: 14 daAuts
     D:5: 1 daAuts
